Description

This build is from Match 2 - sOs (P) vs. GuMiho (T) Starcraft 2 GSL 2018 S2 Group D Ro.16

VOD

https://www.youtube.com/watch?v=55zjtpxpnF4

Build Order

Why is there no SALT encoding or Overwolf build?

  14    Pylon  
  15    Assimilator  
  16    Gateway  
  20    Nexus  Sent probe for proxy stargate
  20  1:33  Cybernetics Core  
  21  1:40  Assimilator  
  22  1:50  Pylon  (Proxy)
  23  2:09  Stalker (Chrono Boost)  
  26  2:16  Stargate  (Proxy)
  26  2:21  Warp Gate  
  27  2:29  Zealot  
  34  2:59  Oracle (Chrono Boost)  
  38  3:02  Stalker  
  41  3:09  Pylon  
  41  3:26  Oracle  
  49  3:45  Gateway x2  
  51  3:55  Shield Battery  
  51  3:58  Oracle  
  49    Pylon  
    4:40  Nexus  
    4:43  Stalker x3  
    4:51  Twilight Council  
    5:09  Stalker x2  
    5:42  Stalker x3  
    5:45  Assimilator x2  
    5:46  Blink  
    6:18  Forge x2  
    6:28  Robotics Bay  
    6:35  Gateway x5  
    7:05  Protoss Ground Armor Level 1, Protoss Ground Weapons Level 1  
  90  7:15  Nexus  
    7:21  Charge  
    7:54  Templar Archives  
Spawning Tool Build Advisor. Get it on Overwolf

Analysis

I could not find any replay of this match. I you are know of this one please say so that would help a lot.

Go to:

Details

  • Created by: KaasGrater
  • Published on: Jun 19, 2018
  • Modified on: Jun 24, 2018
  • Patch: 4.0.0
Show

Export as new Build Order

Comments (1)

On June 19, 2018, 1:59 p.m., StoicLoofah  said:

Yeah, no dice on the replay. I feel like the scene would be a lot different if GSL shared those =(

Create an account to comment!